cohdb
Replays
Latest Replays
All Replays
Popular Replays
Top Player Replays
Match Explorer
How It Works
Community
CoH3 Stats
Reddit
Sign in to upload your games and track your stats! →
Sign in with Steam
Match 42164334
Unlisted
Match 42164334
Overview
Messages
Build Orders
End
Panzergrenadier Squad
Kradschützen Motorcycle Team
Panzergrenadier Squad
Selects Panzerjäger Kommand Battlegroup
Selects Blockade Equipment
Construct Light Support Kompanie
Fire Support Elements
MG34 Team
Selects Tank Busters
Flakvierling Half-track
Panzerjäger Mechanized Group
[82AD] PaulVmax
Miyu Takara
Pottatow
Blooddeani
狼少
Yukineco
JoSemSem
♤☠ ҉ 新♌颖 ҉ ☠✠
0
0
Comments
sign in to comment!
No comments posted yet!